 Zot Defence DCSS version 0.15.2 (webtiles) character file.

1512 blackwizard the Ducker (level 8, 0/78 HPs)
             Began as a Troll Summoner on May 26, 2017.
             Killed by the air
             ... invoked by Gastronok
              (22 damage)
             ... in the Realm of Zot (Scenario V: Glassed Sandwich).
             The game lasted 00:11:03 (1387 turns).

blackwizard the Ducker (Troll Summoner)             Turns: 1387, Time: 00:11:03

HP   0/78        AC  5     Str 17      XL: 8   Next: 53%
MP   4/9         EV 11     Int 13      God:
Gold 0           SH  0     Dex 10      Spells:  2 memorised,  6 levels left

rFire  . . .     SeeInvis .     j - -1 short sword (curse)
rCold  . . .     Clarity  .     a - +0 robe
rNeg   . . .     rCorr    .     (shield restricted)
rPois  .         rRot     .     (helmet restricted)
rElec  .         Spirit   .     (no cloak)
SustAb .         Warding  .     (gloves unavailable)
rMut   .         Stasis   .     (boots unavailable)
Gourm  +                        (no amulet)
MR     .....                    (no ring)
                                (no ring)

@: very slightly contaminated, not resistant to hostile enchantments, very
unstealthy
A: unfitting armour, claws 3, fast metabolism 3, gourmand, regeneration 2,
saprovore 2, shaggy fur 1, tough skin 2
a: Make oklob sapling, Make arrow trap, Make plant, Remove Curse, Make burning
bush, Make altar, Make grenades, Make oklob plant, Make net trap


You were in the Realm of Zot.
You were not hungry.

You visited 1 branch

Inventory:

Hand weapons
 j - a cursed -1 short sword (weapon)
Armour
 a - a +0 robe (worn)
Comestibles
 d - 2 meat rations
Scrolls
 i - a scroll of blinking
Potions
 c - 3 potions of curing
 e - a potion of heal wounds
 f - a potion of haste
 g - 2 potions of magic
 h - a potion of berserk rage
Books
 b - a book of Callings

   Spells                             Type                      Level
   *Summon Small Mammal               Summoning                    1
   Call Imp                           Summoning                    2
   Call Canine Familiar               Summoning                    3
   Summon Guardian Golem              Hexes/Summoning              4
   *Summon Lightning Spire            Summoning/Air                4
   Summon Ice Beast                   Ice/Summoning                4


   Skills:
 + Level 3.6 Fighting
 + Level 3.3 Short Blades
 + Level 5.4 Dodging
 - Level 1.1 Stealth
 + Level 0.6 Unarmed Combat
 + Level 2.4 Spellcasting
 + Level 4.6 Summonings


You had 6 spell levels left.
You knew the following spells:

 Your Spells              Type           Power        Failure   Level  Hunger
a - Summon Small Mammal   Summ           ##..         4%          1    #......
b - Summon Lightning Spi  Summ/Air       #.......     91%         4    #####..


Dungeon Overview and Level Annotations

Branches:
    Zot (1/1)

Altars:

Annotations:
Zot Gastronok, Sigmund


Innate Abilities, Weirdness & Mutations

You are too large for most types of armour.
You have claws for hands.
Your metabolism is lightning-fast.
You like to eat raw meat.
You heal very quickly.
You can eat rotten meat.
You are covered in fur (AC +1).
You have very tough skin (AC +2).


Message History

You closely miss the quokka.
Cousue blinks!
Gastronok casts a spell.
Your skin takes on a slight green cast.
You hit the quokka.
The quokka is moderately wounded.
You hit the quokka.
You kill the quokka!
The quokka's corpse disappears in a puff of smoke!
An ooze comes into view.
Cousue blinks!
The jackal pauses to sniff the ground.
Gastronok's eyestalks quiver as he mumbles some strange words.
Cousue blinks!
Gastronok waves his eye-stalks in wide circles.
The air twists around and strikes you!
* * * LOW HITPOINT WARNING * * *
The jackal stops to sniff the ground.
Gastronok waves his eye-stalks in wide circles.
The air twists around and strikes you!
You die...

.▓▓..............................
▓▓...............................
.................................
▓▓▓▓▓▓▓▓▓▓▓▓▓▓▓▓▓▓▓▓▓▓J..........
r%ZZZZKKsZhb)Kwr.................
..K..FgFKJZgbgr..................
..W..WZZWSZFbKF..................
.K.Zg.ZSZlbFJg...................
....ZZKhhKZlZ...@................
......o.oZZ%.....................
....▓▓▓▓▓▓▓▓▓▓▓▓▓▓▓▓▓▓▓▓▓▓▓▓▓▓▓▓▓
.................................
.................................
..............................<..
.................................
.................................
▓▓▓▓▓▓▓▓▓▓▓▓▓▓▓▓▓▓▓▓▓▓▓▓▓▓▓▓▓▓▓▓▓


You could see Gastronok, Cousue the blink frog, a black bear, 2 giant frogs, a
gnoll shaman, 3 oozes, an adder, a green rat, an orc, a giant newt zombie, a bat
zombie, a goblin zombie, a kobold zombie, a giant gecko, a quokka, a jackal, a
hobgoblin, a goblin, 4 bats, 3 kobolds, a giant newt, a bat skeleton, 2 goblin
skeletons and a kobold skeleton.

Vanquished Creatures
  A centaur (Zot)
  A giant frog (Zot)
  A centaur zombie (Zot)
  A giant frog zombie (Zot)
  A worker ant (Zot)
  An adder (Zot)
  2 gnolls (Zot)
  A shadow imp (Zot)
  A giant mite (Zot)
  4 oozes (Zot)
  4 ball pythons (Zot)
  10 bats (Zot)
  A bat skeleton (Zot)
  2 bat zombies (Zot)
  12 goblins (Zot)
  4 hobgoblins (Zot)
  5 jackals (Zot)
  A quokka (Zot)
  2 ball python zombies (Zot)
  2 giant cockroaches (Zot)
  2 giant newts (Zot)
  2 goblin zombies (Zot)
  2 jackal zombies (Zot)
  8 kobolds (Zot)
  A kobold zombie (Zot)
  9 rats (Zot)
  2 rat skeletons (Zot)
  2 rat zombies (Zot)
85 creatures vanquished.

Vanquished Creatures (collateral kills)
  Prince Ribbit (Zot)
  6 giant frogs (Zot)
  A giant frog zombie (Zot)
  An adder (Zot)
  A gnoll (Zot)
  A shadow imp (Zot)
  An adder zombie (Zot)
  2 ball pythons (Zot)
  3 bats (Zot)
  A bat zombie (Zot)
  3 hobgoblins (Zot)
  3 jackals (Zot)
  A kobold (Zot)
  3 giant newts (Zot)
  4 goblins (Zot)
  A goblin skeleton (Zot)
  3 goblin zombies (Zot)
  A hobgoblin zombie (Zot)
  2 jackal zombies (Zot)
  5 rats (Zot)
44 creatures vanquished.

Vanquished Creatures (others)
  A ball lightning (Zot)
  2 oklob plants (Zot)
  A giant frog (Zot)
  13 bats (Zot)
  A kobold (Zot)
  7 rats (Zot)
25 creatures vanquished.

Grand Total: 154 creatures vanquished

Notes
Turn   | Place    | Note
--------------------------------------------------------------
     0 | Zot      | blackwizard, the Troll Summoner, began the quest for the Orb.
     0 | Zot      | Reached XP level 1. HP: 16/16 MP: 2/2
   228 | Zot      | Reached skill level 3 in Summonings
   237 | Zot      | Reached XP level 2. HP: 21/24 MP: 2/2
   290 | Zot      | Noticed Anla
   321 | Zot      | Reached XP level 3. HP: 20/31 MP: 3/3
   438 | Zot      | HP: 1/32 [kobold/dagger of draining (1)]
   536 | Zot      | Reached XP level 4. HP: 40/40 MP: 4/4
   639 | Zot      | Reached skill level 1 in Fighting
   641 | Zot      | Reached XP level 5. HP: 23/48 MP: 1/4
   746 | Zot      | Noticed Trolule
   773 | Zot      | Killed Trolule the centaur
   773 | Zot      | Reached skill level 1 in Short Blades
   773 | Zot      | Reached skill level 4 in Summonings
   773 | Zot      | Reached XP level 6. HP: 22/57 MP: 5/5
   828 | Zot      | Noticed Prince Ribbit
   924 | Zot      | Reached XP level 7. HP: 65/65 MP: 6/6
   970 | Zot      | Noticed Sigmund
  1122 | Zot      | Noticed a spiny frog
  1146 | Zot      | Noticed Cousue
  1202 | Zot      | Reached XP level 8. HP: 75/75 MP: 8/8
  1232 | Zot      | Learned a level 4 spell: Summon Lightning Spire
  1233 | Zot      | Killed Prince Ribbit
  1233 | Zot      | Reached skill level 5 in Dodging
  1242 | Zot      | Noticed a ball lightning
  1243 | Zot      | Killed a ball lightning
  1330 | Zot      | Noticed Gastronok
  1387 | Zot      | Killed from afar by Gastronok

Action                   |  1- 3 |  4- 6 |  7- 9 || total
-------------------------+-------+-------+-------++-------
Melee: Unarmed           |   145 |       |       ||   145
       Short sword       |    33 |   254 |   227 ||   514
 Cast: Summon Small Mamm |     5 |    12 |     7 ||    24
 Abil: Make oklob plant  |       |       |     2 ||     2
